 Dungeon Crawl Stone Soup version 0.18-a0-1490-g504aa14 (webtiles) character file.

7058 Geeful the Frost Mage (level 10, -4/103 HPs)
             Began as a Green Draconian Ice Elementalist on Mar 2, 2016.
             Was an Elder of Sif Muna.
             Slain by a four-headed hydra (6 damage)
             ... on level 10 of the Dungeon on Mar 3, 2016.
             The game lasted 01:03:02 (13740 turns).

Geeful the Frost Mage (DrIE)                       Turns: 13740, Time: 01:03:02

Health: -4/103     AC: 37    Str: 11    XL:     10   Next: 83%
Magic:  7/23       EV:  2    Int: 19    God:    Sif Muna [****..]
Gold:   488        SH:  0    Dex: 16    Spells: 3 memorised, 19 levels left

rFire  + . .     SeeInvis .     a - +1 quarterstaff (protect)
rCold  . . .     Gourm    .     (armour unavailable)
rNeg   + + +     Faith    .     (shield currently unavailable)
rPois  +         Spirit   .     (helmet currently unavailable)
rElec  .         Dismiss  .     (cloak currently unavailable)
rCorr  .         Reflect  .     (gloves currently unavailable)
SustAt .         Harm     .     (boots currently unavailable)
MR     .....     NoTele   +     (no amulet)
Stlth  ++++......               F - ring of stealth
                                f - ring of protection from fire

@: agile, icy armour, tree-form, starving, slow, not resistant to hostile
enchantments, stealthy
A: (breathe noxious fumes), unfitting armour, (poison resistance),
(cold-blooded), AC +7
a: Channel Energy, Forget Spell, Renounce Religion


You were on level 10 of the Dungeon.
You worshipped Sif Muna.
Sif Muna was greatly pleased with you.
You were starving.
You were a tree.
You visited 2 branches of the dungeon, and saw 11 of its levels.
You also visited: Sewer and Bailey.

You collected 488 gold pieces.

Inventory:

Hand Weapons
 a - a +1 quarterstaff of protection (weapon)
 b - a +1 trident of venom
 D - a +0 blowgun
 P - a +0 flail of protection
Missiles
 k - 2 javelins of returning (quivered)
 y - 10 poisoned needles
Armour
 H - a +0 pair of gloves (melded)
 I - a +0 cloak (melded)
 K - the +0 mask of the Dragon (melded) {MR+ Slay+3 SInv}
   (You found it on level 10 of the Dungeon)

   It affects your accuracy and damage with ranged weapons and melee attacks
   (+3).
   It affects your resistance to hostile enchantments.
   It lets you see invisible.
 O - a +2 shield
Jewellery
 f - a ring of protection from fire (left branch)
 x - an uncursed ring of positive energy
 F - a ring of stealth (right branch)
 R - an uncursed ring of resist corrosion
Wands
 M - a wand of teleportation (6/9)
Scrolls
 g - 3 scrolls of remove curse
 j - 2 scrolls of recharging
 o - 7 scrolls of immolation {unknown}
 q - 2 scrolls of fog {unknown}
 r - 2 scrolls of enchant armour {unknown}
 s - 3 scrolls of noise
 z - 2 scrolls of magic mapping {unknown}
 A - 4 scrolls of enchant weapon {unknown}
 G - a scroll of blinking {unknown}
 N - a scroll of acquirement {unknown}
 T - a scroll of vulnerability {unknown}
Potions
 c - a potion of berserk rage {unknown}
 e - 3 potions of might {unknown}
 h - 2 potions of magic {unknown}
 l - 3 potions of flight {unknown}
 m - 2 potions of cure mutation {unknown}
 n - 2 potions of brilliance {unknown}
 p - 3 potions of agility
 u - 4 potions of curing
 v - 2 potions of lignification
 E - a potion of mutation {unknown}
 J - a potion of haste {unknown}
 L - a potion of degeneration {unknown}
Books
 d - a Necronomicon

   Spells                             Type                      Level
   a - Haunt                          Necromancy/Summoning         7
   b - Borgnjor's Revivification      Necromancy                   8
   c - Death's Door                   Charms/Necromancy            8
   d - Necromutation                  Transmutation/Necromancy     8
 B - a book of Frost

   Spells                             Type                      Level
   a - Freeze                         Ice                          1
   b - Throw Frost                    Conjuration/Ice              2
   c - Ozocubu's Armour               Charms/Ice                   3
   d - Throw Icicle                   Conjuration/Ice              4
   e - Summon Ice Beast               Ice/Summoning                4
 C - a book of the Warp

   Spells                             Type                      Level
   a - Recall                         Summoning/Translocation      3
   b - Gell's Gravitas                Hexes/Translocation          3
   c - Force Lance                    Conjuration/Translocation    4
   d - Warp Weapon                    Charms/Translocation         5
   e - Summon Forest                  Summoning/Translocation      5
Comestibles
 i - 4 beef jerkies
 w - 10 bread rations
 Q - 7 slices of pizza


   Skills:
 - Level 1.7 Dodging
 - Level 1.7 Stealth
 + Level 9.1 Spellcasting
 + Level 9.3 Conjurations
 + Level 10.0 Ice Magic
 + Level 3.1 Invocations


You had 19 spell levels left.
You knew the following spells:

 Your Spells              Type           Power        Failure   Level  Hunger
a - Freeze                Ice            ####         1%          1    None
b - Throw Icicle          Conj/Ice       #####...     1%          4    ###....
c - Ozocubu's Armour      Chrm/Ice       ####....     3%          3    None


Dungeon Overview and Level Annotations

Branches:
Dungeon (10/15)            Temple (1/1) D:4            Lair (0/8) D:9
    Orc: D:9-12

Altars:
Cheibriados
Dithmenos
Elyvilon
Gozag
Kikubaaqudgha
Nemelex Xobeh
Okawaru
Pakellas
Sif Muna
Trog
Vehumet
Xom
Yredelemnul
Zin
The Shining One

Annotations:
D:5 Edmund


Innate Abilities, Weirdness & Mutations

((You can breathe blasts of noxious fumes.))
((Your lurid green scales are hard (AC +7).))
Your body does not fit into most forms of armour.
((Your system is resistant to poisons.))
((You are cold-blooded and may be slowed by cold attacks.))


Message History

The worker ant zombie bites you but does no damage.
The wyvern skeleton bites you but does no damage.
The hound skeleton bites you but does no damage.
The four-headed hydra bites you but does no damage.
The four-headed hydra bites you!
* * * LOW HITPOINT WARNING * * *
The four-headed hydra bites you but does no damage. x2
You barely miss the four-headed hydra.
The four-headed hydra is almost dead.
The killer bee stings you but does no damage.
The killer bee barely misses you.
The jackal bites you but does no damage.
The necrophage hits you but does no damage.
The wyvern skeleton bites you but does no damage.
The hound skeleton bites you but does no damage.
The worker ant zombie bites you but does no damage.
The killer bee stings you but does no damage.
The four-headed hydra bites you but does no damage.
The four-headed hydra bites you.
You die...

....... #.....<.###
..........# #.......# #
..........# #...###.# #
...........# #...# #.# #
#...5........# #...# #.# #
#.......a.o..# #...# #.# #
#........oo..####...# #.###
#.......ohZy........# #....
#.......{Z♣D........###....
#!.......Z.n.#####.......##
#............# #.......##
#............# #.......##
#............# #.......##
#............# #.......##
#......(<.(..# #.......##
..............# #.......##
..............# #.......##


You could see a four-headed hydra, a necrophage, a worker ant (wandering), a
killer bee, a shadow imp (wandering), 4 orcs, a worker ant zombie, a jackal, a
hound skeleton and a wyvern skeleton.

Vanquished Creatures
  The ghost of tijit the Covert, a novice OpAs of Gozag (D:7)
  Joseph (D:8)
  Maurice (D:10)
  Psyche (D:8)
  A troll (D:9)
  A two-headed ogre (D:7)
  A wraith (D:10)
  A vampire (D:10)
  A human (D:7)
  A hog (D:7)
  A hungry ghost (D:9)
  Eustachio (D:5)
  Menkaure (D:5)
  2 ice beasts
  3 sky beasts
  2 black bears
  4 necrophages
  3 ogres
  3 centaurs
  3 big kobolds
  6 giant frogs
  A gnoll sergeant (D:7)
  A wyvern zombie (D:6)
  5 scorpions
  6 killer bees
  2 jellies
  A crimson imp (D:8)
  2 centaur skeletons
  2 hounds
  6 orc priests
  7 orc wizards
  3 giant frog skeletons
  3 iguanas
  7 worker ants
  2 killer bee zombies
  3 sheep (D:7)
  8 hound zombies
  2 hound skeletons
  Robin (D:4)
  A worker ant zombie (D:6)
  7 gnolls
  A howler monkey skeleton (D:6)
  4 adders
  8 river rats (Sewer)
  A shadow imp (D:8)
  2 adder zombies
  3 adder skeletons
  6 worms
  5 dart slugs
  5 giant geckos
  30 orcs
  7 ball pythons (Sewer)
  6 bats
  7 giant cockroaches
  19 goblins
  16 hobgoblins
  2 jackals (D:9)
  4 quokkas
  A ball python skeleton (D:4)
  2 giant gecko skeletons
  5 giant newts
  3 jackal skeletons
  A jackal zombie (D:6)
  27 kobolds
  A quokka zombie (D:6)
  30 rats
305 creatures vanquished.

Vanquished Creatures (others)
  An adder zombie (D:4)
1 creature vanquished.

Grand Total: 306 creatures vanquished

Notes
Turn   | Place    | Note
--------------------------------------------------------------
     0 | D:1      | Geeful the Draconian Ice Elementalist began the quest for the Orb.
     0 | D:1      | Reached XP level 1. HP: 14/14 MP: 3/3
   630 | D:1      | Reached XP level 2. HP: 20/20 MP: 0/5
  1241 | D:2      | Found an oddly glowing altar of Pakellas.
  1319 | D:2      | Reached XP level 3. HP: 26/26 MP: 2/7
  1780 | D:2      | Found an oddly glowing altar of Pakellas.
  2126 | D:2      | Reached skill level 4 in Ice Magic
  2129 | D:2      | Found an iron altar of Okawaru.
  2177 | D:3      | Reached XP level 4. HP: 33/33 MP: 5/8
  2184 | D:3      | Learned a level 4 spell: Throw Icicle
  2188 | D:3      | Learned a level 3 spell: Ozocubu's Armour
  2525 | D:3      | Found an ancient bone altar of Kikubaaqudgha.
  3010 | D:4      | You fall through a shaft for 3 floors!
  3015 | D:7      | Noticed a sky beast
  3129 | D:7      | Noticed a human
  3129 | D:7      | Noticed a hog
  3159 | D:7      | Noticed a sky beast
  3212 | D:7      | Noticed a necrophage
  3220 | D:7      | Noticed a gnoll sergeant
  3538 | D:6      | Reached XP level 5. HP: 38/38 MP: 10/10
  3624 | D:6      | Found an opulent altar of Gozag.
  3657 | D:6      | Noticed a black bear
  3671 | D:6      | Reached XP level 6. HP: 42/45 MP: 3/12
  3932 | D:6      | Reached skill level 5 in Ice Magic
  4022 | D:6      | Your scales start taking on a lurid green colour.
  4022 | D:6      | Reached XP level 7. HP: 45/50 MP: 11/13
  4022 | D:6      | Gained mutation: Your system is resistant to poisons. [Green Draconian growth]
  4075 | D:5      | Entered Level 5 of the Dungeon
  4115 | D:5      | Noticed Menkaure
  4121 | D:5      | Killed Menkaure
  4121 | D:5      | Reached skill level 5 in Spellcasting
  4395 | D:5      | Reached skill level 6 in Ice Magic
  4690 | D:4      | Reached XP level 8. HP: 49/57 MP: 10/16
  4761 | D:4      | Found a glowing drain.
  4762 | D:4      | Reached skill level 5 in Conjurations
  4871 | D:4      | Noticed Robin
  5150 | Sewer    | Entered a sewer
  6208 | D:4      | Killed Robin
  6347 | D:4      | Reached skill level 7 in Ice Magic
  6625 | D:4      | Found a glowing golden altar of the Shining One.
  6826 | D:4      | Found a staircase to the Ecumenical Temple.
  6836 | Temple   | Entered the Ecumenical Temple
  6853 | Temple   | Became a worshipper of Sif Muna the Loreminder
  7086 | D:5      | Noticed Eustachio
  7249 | D:5      | Killed Eustachio
  7353 | D:5      | Noticed Edmund
  7836 | D:5      | Got a translucent blowgun
  7837 | D:5      | Identified the +0 blowgun "Coago" {evade, Fragile MR++ Str+5} (You found it on level 5 of the Dungeon)
  8197 | D:6      | Reached XP level 9. HP: 23/62 MP: 17/19
  8656 | D:6      | You fall through a shaft for 3 floors!
  8669 | D:9      | Reached * piety under Sif Muna
  8694 | D:9      | Found a shimmering altar of Xom.
  8694 | D:9      | Found a shimmering altar of Xom.
  8695 | D:9      | Found a shimmering altar of Xom.
  8696 | D:9      | Found a shimmering altar of Xom.
  8699 | D:9      | Found a shimmering altar of Xom.
  8750 | D:10     | Entered Level 10 of the Dungeon
  9009 | D:9      | Found a white marble altar of Elyvilon.
  9176 | D:8      | Found a flagged portal.
  9232 | Bailey   | Entered a bailey
  9242 | Bailey   | Noticed Demise101's ghost (novice MiFi)
  9499 | D:8      | Noticed Psyche
  9519 | D:8      | Killed Psyche
  9519 | D:8      | Reached skill level 8 in Ice Magic
  9681 | D:7      | Noticed tijit's ghost (novice OpAs)
  9721 | D:7      | Reached ** piety under Sif Muna
  9811 | D:7      | Killed tijit's ghost
 10163 | D:7      | Reached skill level 9 in Ice Magic
 10163 | D:7      | Reached XP level 10. HP: 62/69 MP: 22/22
 10623 | D:7      | Reached *** piety under Sif Muna
 10943 | D:7      | Upgraded the game from 0.18-a0-1481-g708b138 to 0.18-a0-1490-g504aa14
 11553 | D:8      | Noticed Joseph
 11589 | D:8      | Killed Joseph
 12495 | D:9      | Reached skill level 1 in Invocations
 12568 | D:9      | Found a staircase to the Lair.
 12652 | D:9      | Reached **** piety under Sif Muna
 12931 | D:9      | Noticed a moth of wrath
 12934 | D:9      | Found a bloodstained altar of Trog.
 13371 | D:10     | Noticed Maurice
 13431 | D:10     | Killed Maurice
 13431 | D:10     | Reached skill level 10 in Ice Magic
 13713 | D:10     | Noticed a four-headed hydra
 13739 | D:10     | HP: 2/103 [four-headed hydra (7)]
 13740 | D:10     | Slain by a four-headed hydra

Vault maps used:
D:1:      nicolae_arrival_somewhat_less_tricky_arrival,
          minmay_tree_intersection, minmay_fountain_box
D:2:      lemuel_doored_altar, marbit_many_paths, grunt_pakellas_basics
D:3:      lemuel_crystal_altar
D:4:      kennysheep_little_box, lemuel_temple_firewalk, portal_sewer_entry_b,
          uniq_robin
D:5:      first_bread, minivault_14, uniq_menkaure, uniq_eustachio, uniq_edmund
D:6:      nicolae_gozag_seed_capital, serial_undead, serial_undead_f,
          serial_undead_f, serial_undead_d, serial_undead_a, serial_undead_a,
          serial_undead_f, serial_undead_f
D:7:      grunt_livestock, minmay_misc_feat_diagonals
D:8:      nicolae_overflow_hidden_temple, enter_bailey_3, uniq_joseph,
          uniq_psyche
D:9:      xom_redecorated, tgw_trog, lair_0_dummy, kennysheep_minor_cross,
          elyvilon_altar_5
D:10:     enter_trove_0, hex_large, minmay_misc_feat_more_columns,
          lightli_corner_chamber, uniq_maurice, uniq_josephine
Temple:   circular_temple_12
Sewer:    sewer_minmay_treatment
Bailey:   bailey_polearm_1, bailey

Skill      XL: |  1  2  3  4  5  6  7  8  9 10 |
---------------+-------------------------------+-----
Spellcasting   | 3 4 5 6 8 9 |  9.1
Ice Magic      | 4 5 6 7 9 10 | 10.0
Conjurations   | 2 3 4 6 8 9 |  9.3
Invocations    | 3 |  3.1
Dodging        | |  1.7
Stealth        | |  1.7

Action                   |  1- 3 |  4- 6 |  7- 9 | 10-12 || total
-------------------------+-------+-------+-------+-------++-------
Melee: Spear             |    74 |    21 |       |       ||    95
       Quarterstaff      |       |    85 |   216 |   141 ||   442
       Trident           |       |    13 |   330 |    28 ||   371
 Fire: Blowgun           |       |       |    28 |    12 ||    40
Throw: Javelin           |     3 |     2 |       |       ||     5
 Cast: Freeze            |    48 |    33 |    35 |     7 ||   123
       Ozocubu's Armour  |       |     4 |     9 |     8 ||    21
       Throw Icicle      |       |       |    18 |    69 ||    87
 Abil: Breathe Noxious F |       |       |    11 |     5 ||    16
  Use: Scroll            |     2 |     3 |     4 |     1 ||    10
       Potion            |       |     1 |     4 |     4 ||     9
 Stab: Sleeping          |     6 |     1 |     3 |     1 ||    11
       Distracted        |       |     1 |       |       ||     1
       Confused          |       |       |     3 |       ||     3
  Eat: Chunk             |     4 |     5 |    24 |    15 ||    48
       Beef jerky        |       |     1 |     1 |       ||     2
       Pizza             |       |       |     1 |       ||     1
       Fruit             |       |       |       |     4 ||     4
